 Seeded DCSS version 0.28.0-62-gf88900778d (webtiles) character file.

Game seed: 2473651364212719203 (custom seed)

205 tkbsonic5 the Conjurer (level 5, 0/45 HPs)
             Began as a Minotaur Conjurer on Mar 3, 2023.
             Slain by a hobgoblin (6 damage)
             ... led by Robin
             ... on level 3 of the Dungeon.
             The game lasted 00:14:46 (4154 turns).

tkbsonic5 the Conjurer (Minotaur Conjurer)          Turns: 4154, Time: 00:14:47

Health: 0/45       AC:  2    Str: 10 (11) XL:     5   Next: 53%
Magic:  3/7        EV: 12    Int: 16 (17) God:
Gold:   80         SH:  0    Dex:  9      Spells: 2/8 levels left

rFire   . . .      SeeInvis .   c - +0 hand axe (spect)
rCold   . . .      Faith    .   (no shield)
rNeg    . . .      Spirit   .   a - +0 robe
rPois   .          Reflect  .   (helmet restricted)
rElec   .          Harm     .   (no cloak)
rCorr   .          Rampage  .   (no gloves)
Will    .....                   (no boots)
Stlth   +.........              (no amulet)
HPRegen 0.15/turn               d - ring of wizardry
MPRegen 0.10/turn               (no ring)

@: brilliant, lethally poisoned (0 -> -8)
A: horns 2, retaliatory headbutt
a: no special abilities


You were on level 3 of the Dungeon.
You visited 1 branch of the dungeon, and saw 3 of its levels.

You collected 80 gold pieces.

Inventory:

Hand Weapons
 c - a +0 spectral hand axe (weapon)
 g - a +0 mace
Armour
 a - a +0 robe (worn)
Jewellery
 d - a ring of wizardry (left hand)
Potions
 b - a potion of brilliance


   Skills:
 * Level 3.2 Fighting
 * Level 1.6(1.7) Axes
 - Level 0.4(1.1) Maces & Flails
 + Level 1.1 Armour
 - Level 2.1 Dodging
 - Level 1.5 Stealth
 * Level 2.4 Spellcasting
 * Level 3.6 Conjurations


You had 2 spell levels left.
You knew the following spells:

 Your Spells              Type           Power      Damage    Failure   Level
a - Magic Dart            Conj           80%        1d7       1%          1
b - Searing Ray           Conj           40%        2d5       2%          2
c - Summon Small Mammal   Summ           8%         N/A       9%          1
d - Animate Skeleton      Necr           4%         N/A       9%          1
e - Apportation           Tloc           4%         N/A       9%          1

Your spell library contained the following spells:

 Spells                   Type           Power      Damage    Failure   Level
 Dazzling Flash           Conj/Hex       22%        N/A       12%         3
 Fulminant Prism          Conj/Hex       5%         3d7       34%         4
 Iskenderun's Mystic Bla  Conj/Tloc      11%        2d4       34%         4


Dungeon Overview and Level Annotations

Branches:
Dungeon (3/15)

Altars:
Wu Jian

Shops:
D:1 ?

Annotations:
D:3 Robin


Innate Abilities, Weirdness & Mutations

You have a pair of horns on your head.
You reflexively headbutt those who attack you in melee.


Message History

The goblins go into a battle-frenzy!
The goblin hits you with a +0 dagger. The goblin completely misses you.
The goblin barely misses your +0 spectral hand axe.
The goblin misses you. The goblin hits you with a +0 club.
You aren't carrying any scrolls.
Okay, then.
Casting: Animate Skeleton (safe; 9% risk of failure)
Confirm with . or Enter, or press ? or * to list all spells.
Okay, then.
Casting: Animate Skeleton (safe; 9% risk of failure)
Confirm with . or Enter, or press ? or * to list all spells.
You feel a surge of power! The adder barely misses you.
You are too injured to fight recklessly!
Aiming: Searing Ray (safe; 2% risk of failure)
Press: ? - help, Q - select action, (/) - cycle Shift-Dir - straight line, f - goblin
Aim: a goblin, wielding a +0 club (moderately wounded, strong, 72% to hit)
You feel a surge of power!
The searing ray hits the goblin.
You kill the goblin! (Press . to maintain the ray.)
Your bat misses the adder. The adder closely misses you.
You furiously retaliate!
You headbutt the adder. The goblin misses you.
The searing ray misses the hobgoblin.
Your bat misses the adder. The adder bites you.
* * * LOW HITPOINT WARNING * * *
You are poisoned.
The adder poisons you! The goblin completely misses you.
You furiously retaliate!
You headbutt the goblin. The hobgoblin hits you.
* * * LOW HITPOINT WARNING * * *
The adder bites you.
* * * LOW HITPOINT WARNING * * *
You are lethally poisoned!
The adder poisons you!
The searing ray hits the hobgoblin.
The hobgoblin is severely wounded.
* * * LOW HITPOINT WARNING * * *
You feel very sick.
Your bat completely misses the goblin.
The goblin closely misses you. The adder bites you but does no damage.
The hobgoblin hits you.
You die...

#.....†....).)....
#########.#####.#.
...)....#.# #.#.
#####...#.# #.#.
.......)..# #.#.
#######.#######.#.
###.............#.
#ggg####.#####..#.
#@#..gg)........#.
#S#gg)#.######..#.
...gg.gg..........#.
..#....g............
..#b.#....##########
#........)... #...
##............ ##.#
#............ ##.#
#.......g....# #...


You could see an adder (ally target), 2 hobgoblins, 3 goblins and a friendly bat
(summoned).

Vanquished Creatures
  A jelly (D:3)
  2 orc wizards (D:3)
  4 adders (D:3)
  A worm (D:2)
  A dart slug (D:2)
  4 orcs (D:3)
  8 endoplasms
  5 giant cockroaches
  13 goblins
  4 hobgoblins
  7 jackals
  A quokka (D:1)
  7 ball pythons
  7 bats
  3 kobolds
  3 rats
71 creatures vanquished.

Notes
Turn   | Place    | Note
-------+----------+-------------------------------------------
     0 | D:1      | tkbsonic5 the Minotaur Conjurer began the quest for the
                  | Orb.
     0 | D:1      | Reached XP level 1. HP: 14/14 MP: 1/1
   572 | D:1      | Reached skill level 1 in Fighting
   575 | D:1      | Reached XP level 2. HP: 8/23 MP: 0/3
   578 | D:1      | Learned a level 2 spell: Searing Ray
   874 | D:1      | Found Jiofaror's Magic Scroll Emporium.
  1615 | D:2      | Reached XP level 3. HP: 29/29 MP: 4/4
  1739 | D:2      | Found a faded altar of an unknown god.
  2042 | D:2      | Found an ornate altar of the Wu Jian Council.
  2820 | D:3      | Reached XP level 4. HP: 31/37 MP: 3/6
  2822 | D:3      | Learned a level 1 spell: Summon Small Mammal
  2824 | D:3      | Learned a level 1 spell: Animate Skeleton
  2826 | D:3      | Learned a level 1 spell: Apportation
  3226 | D:3      | Reached skill level 1 in Axes
  3690 | D:3      | Reached XP level 5. HP: 44/44 MP: 0/7
  3966 | D:3      | Reached skill level 1 in Armour
  4139 | D:3      | Noticed Robin
  4154 | D:3      | Slain by a hobgoblin

Illustrated notes

Levels and vault maps discovered:
D:1:      psy_arrival_radial02, layout_basic, serial_shops, shop_statue,
          minmay_misc_feat_square
D:2:      layout_basic, basic_altar, hellmonk_ecumenical_altar_leap_of_faith
D:3:      layout_basic, nicolae_overflow_ecumenical_swirl, grunt_ministairs_7,
          minmay_diced_spiral, uniq_robin

Skill      XL: |  1  2  3  4  5 |
---------------+----------------+-----
Conjurations   | 3 |  3.6
Fighting       | 1 2 3 |  3.2
Spellcasting   | 2 |  2.4
Axes           | 1 |  1.6
Armour         | 1 |  1.1
Maces & Flails | |  0.4
Dodging        | |  2.1
Stealth        | |  1.5

Action                   |  1- 3 |  4- 6 || total
-------------------------+-------+-------++-------
Melee: Unarmed           |    31 |       ||    31
       Headbutt          |    12 |     7 ||    19
       Mace              |    38 |    10 ||    48
       Dagger            |     4 |       ||     4
       Club              |     2 |       ||     2
       Punch             |     1 |       ||     1
       Hand axe          |       |    13 ||    13
 Cast: Magic Dart        |    59 |    20 ||    79
       Searing Ray       |     2 |     7 ||     9
       Summon Small Mamm |       |     7 ||     7
       Animate Skeleton  |       |     3 ||     3
  Use: Potion            |     2 |     1 ||     3
       Scroll            |     1 |     1 ||     2
 Stab: Sleeping          |     2 |       ||     2
Armor: Robe              |    13 |     7 ||    20
       Skin              |    10 |       ||    10
Dodge: Dodged            |    53 |    23 ||    76
